[Event "Team 45 45 League T74"]
[Site "Internet Chess Club"]
[Date "2017.09.23"]
[Round "2"]
[White "Electryon"]
[Black "mongmong"]
[Result "1/2-1/2"]
[WhiteElo "1491"]
[BlackElo "1461"]
[Opening "Queen's pawn"]
[ECO "A40"]
[Time "16:01:27"]
[TimeControl "2700+45"]

1. d4 e6 2. Bf4 d5 3. e3 Nf6 4. c3 Bd6 5. Bg3 Ne4 6. Nd2 f5 7. Ngf3 O-O 8. Bxd6
Qxd6 9. Ne5 Nxd2 10. Qxd2 Nd7 11. f4 Nf6 12. Bd3 Bd7 13. O-O Rac8 14. Qf2 Be8
15. Qh4 Qd8 16. Rf3 Ne4 17. Qh3 Rf6 18. g4 fxg4 19. Qxg4 Bg6 20. Bxe4 Bxe4 21.
Rg3 Qe7 22. Qh4 Kh8 23. Kf2 Re8 24. Ng4 Rg6 25. Qxe7 Rxe7 26. Ne5 Rxg3 27. hxg3
Bf5 28. g4 Be4 29. Rg1 g6 30. g5 Bf5 31. Ke2 Kg7 32. Ng4 Bxg4+ 33. Rxg4 c6 34.
Rh4 b5 35. b4 a6 36. a3 Re8 37. Rh1 Rh8 38. Rh6 Re8 39. Rh3 Rh8 40. Rh6 Re8 41.
Rh3 Rh8 {Game drawn by mutual agreement} 1/2-1/2

[Event "Team 45 45 League T74"]
[Site "Internet Chess Club"]
[Date "2017.09.22"]
[Round "2"]
[White "Toalla"]
[Black "Aquaman"]
[Result "0-1"]
[WhiteElo "1197"]
[BlackElo "1263"]
[Opening "QP counter-gambit: Maroczy gambit"]
[ECO "C40"]
[Time "15:34:35"]
[TimeControl "2700+45"]

1. e4 e5 2. Nf3 d5 3. exd5 Bd6 4. d4 e4 5. Ne5 Nf6 6. Bb5+ Bd7 7. Bxd7+ Nbxd7 8.
O-O Nxe5 9. dxe5 Bxe5 10. c4 O-O 11. f4 Bd6 12. Nc3 Re8 13. Re1 a6 14. a3 Qd7
15. h3 c6 16. Qc2 cxd5 17. Nxd5 Nxd5 18. cxd5 Rac8 19. Qd1 Qc7 20. Qg4 Qc5+ 21.
Kf1 Qxd5 22. Rd1 Qc6 23. Qe2 Qc7 24. Qg4 e3 25. g3 e2+ {White resigns} 0-1

[Event "Team 45 45 League T74"]
[Site "Internet Chess Club"]
[Date "2017.09.21"]
[Round "2"]
[White "oldmastermind"]
[Black "tasawyer81"]
[Result "0-1"]
[WhiteElo "1288"]
[BlackElo "1163"]
[Opening "Pirc defense"]
[ECO "B07"]
[Time "19:15:58"]
[TimeControl "2700+45"]

1. e4 d6 2. d4 Nf6 3. Bd3 Nbd7 4. Nf3 e5 5. d5 Be7 6. b4 c6 7. c4 Qc7 8. Qc2 h6
9. Be3 g5 10. h3 Nf8 11. Nbd2 Ng6 12. a4 Nf4 13. Rg1 g4 14. hxg4 Nxg4 15. Bf1
cxd5 16. exd5 Nxd5 {White resigns} 0-1

[Event "Team 45 45 League T74"]
[Site "Internet Chess Club"]
[Date "2017.09.25"]
[Round "2"]
[White "WzeroMN"]
[Black "GiantsFan"]
[Result "1-0"]
[WhiteElo "1173"]
[BlackElo "1104"]
[Opening "Ruy Lopez: Caro variation"]
[ECO "C70"]
[Time "14:31:01"]
[TimeControl "2700+45"]

1. e4 e5 2. Nf3 Nc6 3. Bb5 a6 4. Ba4 b5 5. Bb3 Nf6 6. d3 d6 7. O-O Bg4 8. h3 Bh5
9. Bg5 Nd4 10. Bd5 Rc8 11. Nbd2 c6 12. Bb3 d5 13. c3 Nxf3+ 14. Nxf3 Be7 15. a4
Ra8 16. Re1 Nd7 17. Bxe7 Qxe7 18. Re3 Qc5 19. g4 Bg6 20. exd5 cxd5 21. Nxe5 Qxe3
22. fxe3 Nxe5 23. Bxd5 Rd8 24. e4 O-O 25. axb5 axb5 26. d4 Nc4 27. Bxc4 bxc4 28.
e5 h5 29. gxh5 Bf5 30. Qa4 Rc8 31. h4 Bg4 32. h6 g6 33. Kg2 Kh7 34. Kg3 Be2 35.
Qc2 Bd3 36. Qc1 Rb8 37. Kg4 Rb3 38. Ra3 Rxa3 39. bxa3 Ra8 40. Qf4 Bf5+ 41. Kg5
Rxa3 42. h5 Rxc3 43. hxg6+ fxg6 44. d5 Rd3 45. Qxc4 Kg8 46. Qc7 Rxd5 47. Qg7#
{Black checkmated} 1-0

[Event "Team 45 45 League T74"]
[Site "Internet Chess Club"]
[Date "2017.09.23"]
[Round "2"]
[White "Andaluz"]
[Black "seattleblues"]
[Result "1/2-1/2"]
[WhiteElo "1284"]
[BlackElo "1318"]
[Opening "Caro-Kann: exchange variation"]
[ECO "B13"]
[Time "06:03:59"]
[TimeControl "2700+45"]

1. e4 c6 2. d4 d5 3. exd5 cxd5 4. Nf3 Nf6 5. Nc3 Bg4 6. Be2 e6 7. Ne5 Bxe2 8.
Qxe2 Nbd7 9. O-O Be7 10. Bf4 O-O 11. Rab1 Rc8 12. h3 Nxe5 13. Bxe5 a6 14. Qf3
Nd7 15. Bf4 Bf6 16. Rfd1 Nb6 17. b3 Rc6 18. Rd3 Qd7 19. Rc1 Rfc8 20. Qd1 Bxd4
21. Rxd4 Rxc3 22. Bd2 R3c6 23. Bf4 f6 24. Rd3 e5 25. Be3 d4 26. Bd2 Nd5 27. Be1
Qc7 28. c4 Nf4 29. Rd2 b5 30. Rdc2 Qb7 31. Qf3 Qd7 32. Bd2 Ne6 33. Qf5 Qe8 34.
Qd3 Nc5 35. Qg3 Ne4 36. Qd3 Nxd2 37. Qxd2 R8c7 38. cxb5 Rxc2 39. Rxc2 Rxc2 40.
Qxc2 axb5 41. Kf1 Qd7 42. Ke2 b4 43. Qc4+ Kf8 44. Qxb4+ Ke8 {Game drawn by
mutual agreement} 1/2-1/2

[Event "Team 45 45 League T74"]
[Site "Internet Chess Club"]
[Date "2017.09.25"]
[Round "2"]
[White "rkjulianjr"]
[Black "olivermx"]
[Result "1-0"]
[WhiteElo "1293"]
[BlackElo "1280"]
[Opening "QGD: symmetrical (Austrian) defense"]
[ECO "D06"]
[Time "21:39:52"]
[TimeControl "2700+45"]

1. d4 d5 2. c4 c5 3. cxd5 Qxd5 4. Nf3 Nc6 5. Nc3 Qd8 6. dxc5 Qxd1+ 7. Nxd1 e6 8.
Be3 Nb4 9. Nd4 Bxc5 10. Nb5 Nc2+ 11. Kd2 Nxa1 12. Nc7+ Kd7 13. Nxa8 b5 14. Bxc5
Nf6 15. Bxa7 Kc6 16. Nc3 Kb7 17. Bb6 Kxa8 18. e3 b4 19. Nb5 Kb7 20. Ba5 Bd7 21.
Bxb4 Ne4+ 22. Kc1 Rc8+ 23. Kb1 Rc2 24. Bd3 Nxf2 25. Nd6+ Kc7 26. Bxc2 Nxh1 27.
Kxa1 Nf2 28. Nxf7 Ng4 29. Bd6+ Kc6 30. Bf4 h6 31. Ne5+ Nxe5 32. Bxe5 g5 33. Be4+
Kb5 34. b3 Bc6 35. Bxc6+ Kxc6 36. Kb2 Kb5 37. Kc3 Kc6 38. Kc4 h5 39. a4 g4 40.
Bg3 {Black resigns} 1-0

[Event "Team 45 45 League T74"]
[Site "Internet Chess Club"]
[Date "2017.09.21"]
[Round "2"]
[White "kabubi"]
[Black "joaoazm"]
[Result "0-1"]
[WhiteElo "1184"]
[BlackElo "1307"]
[Opening "French defense"]
[ECO "C00"]
[Time "20:00:50"]
[TimeControl "2700+45"]

1. e4 e6 2. Nf3 d5 3. d3 dxe4 4. dxe4 Qxd1+ 5. Kxd1 Bc5 6. Ke1 Nf6 7. Bd3 Ng4 8.
Rf1 Nc6 9. h3 Nge5 10. Be2 Nxf3+ 11. Bxf3 Nd4 12. Kd1 Nxf3 13. gxf3 e5 14. f4
Bxh3 15. Rh1 Bg4+ 16. Ke1 O-O-O 17. Rg1 Rd1# {White checkmated} 0-1

[Event "Team 45 45 League T74"]
[Site "Internet Chess Club"]
[Date "2017.09.23"]
[Round "2"]
[White "Rbug"]
[Black "oldbookseller"]
[Result "1-0"]
[WhiteElo "1018"]
[BlackElo "897"]
[Opening "two knights defense: Fegatello attack"]
[ECO "C57"]
[Time "14:09:35"]
[TimeControl "2700+45"]

1. e4 e5 2. Nf3 Nc6 3. Bc4 Nf6 4. Ng5 d5 5. exd5 Nxd5 6. Nxf7 Kxf7 7. Qf3+ Ke6
8. Nc3 Nd4 9. Bxd5+ Kd6 10. Qd1 Kd7 11. O-O Qf6 12. d3 Bd6 13. Ne4 Qg6 14. c3
Nf5 15. Re1 Kd8 16. Bg5+ Be7 17. Bxe7+ Nxe7 18. Bb3 Bh3 19. Ng3 Nf5 20. gxh3 Nh4
21. Rf1 Qc6 22. Ne4 Qg6+ 23. Qg4 Nf3+ 24. Kh1 Ng5 25. Qxg5+ Qxg5 26. Nxg5 Rf8
27. Ne6+ Ke7 28. Nxf8 Rxf8 29. Rae1 {Black resigns} 1-0

[Event "Team 45 45 League T74"]
[Site "Internet Chess Club"]
[Date "2017.09.23"]
[Round "2"]
[White "Skeptic1972"]
[Black "UrsaMajor"]
[Result "1/2-1/2"]
[WhiteElo "1506"]
[BlackElo "1564"]
[Opening "Ruy Lopez: Berlin defense, 4.O-O, d6"]
[ECO "C66"]
[Time "06:32:29"]
[TimeControl "2700+45"]

1. e4 e5 2. Nf3 Nc6 3. Bb5 Nf6 4. O-O d6 5. Re1 Bd7 6. c3 Na5 7. Bxd7+ Qxd7 8.
d4 exd4 9. cxd4 O-O-O 10. Nc3 h6 11. b4 Nc4 12. Qb3 Nb6 13. a4 d5 14. a5 Na8 15.
exd5 Nxd5 16. Nxd5 Qxd5 17. Qxd5 Rxd5 18. Re8+ Rd8 19. Rxd8+ Kxd8 20. Ne5 Ke8
21. Bf4 Be7 22. b5 g5 23. Bg3 Rg8 24. Rc1 {Game drawn by mutual agreement}
1/2-1/2

[Event "Team 45 45 League T74"]
[Site "Internet Chess Club"]
[Date "2017.09.24"]
[Round "2"]
[White "mongmong"]
[Black "Gilguli"]
[Result "1-0"]
[WhiteElo "1472"]
[BlackElo "1328"]
[Opening "Queen's pawn game"]
[ECO "D04"]
[Time "16:03:34"]
[TimeControl "2700+45"]

1. d4 d5 2. Nf3 Nf6 3. e3 g6 4. Bd3 Bg7 5. Nbd2 O-O 6. O-O Bg4 7. h3 Bh5 8. g4
Nxg4 9. hxg4 Bxg4 10. Be2 Nd7 11. Nh2 Nf6 12. Bxg4 Nxg4 13. Qxg4 h5 14. Qg2 h4
15. f4 Qd7 16. Qg4 f5 17. Qxg6 Rf6 18. Qh5 Rh6 19. Qf3 Rg6+ 20. Kh1 Rg3 21. Qf2
Qe6 22. Ndf3 Bf6 23. Rg1 Kf7 24. Rxg3 hxg3 25. Qxg3 Rg8 26. Qf2 Rh8 27. Bd2 Ke8
28. Rg1 Qf7 29. Rg2 Rh3 30. Rg3 Rh5 31. Qg2 Qh7 32. Ng5 Bxg5 33. Rxg5 Kd7 34.
Rxh5 Qxh5 35. Be1 Qd1 36. Qd2 Qh5 37. b3 {Black resigns} 1-0

[Event "Team 45 45 League T74"]
[Site "Internet Chess Club"]
[Date "2017.09.21"]
[Round "2"]
[White "smsxman"]
[Black "Toalla"]
[Result "1-0"]
[WhiteElo "1401"]
[BlackElo "1211"]
[Opening "Alekhine's defense"]
[ECO "B03"]
[Time "15:02:07"]
[TimeControl "2700+45"]

1. e4 Nf6 2. e5 Nd5 3. d4 e6 4. Nf3 g6 5. Bd2 c5 6. c3 Nc6 7. c4 Ndb4 8. a3 Na6
9. d5 Nd4 10. Nxd4 cxd4 11. Bf4 Qa5+ 12. Bd2 Bb4 13. Bxb4 Nxb4 14. Nd2 Na6 15.
Be2 Nc5 16. O-O O-O 17. b4 {Black resigns} 1-0

[Event "Team 45 45 League T74"]
[Site "Internet Chess Club"]
[Date "2017.09.23"]
[Round "2"]
[White "QuieroAprender"]
[Black "bmw2002"]
[Result "1-0"]
[WhiteElo "1588"]
[BlackElo "1493"]
[Opening "Caro-Kann: Hillbilly attack"]
[ECO "B10"]
[Time "22:04:58"]
[TimeControl "2700+45"]

1. e4 c6 2. Bc4 e6 3. Ne2 d5 4. exd5 cxd5 5. Bb5+ Bd7 6. Nbc3 Nc6 7. d4 a6 8.
Bd3 Nb4 9. O-O Bd6 10. Bf4 Bc7 11. Re1 Nf6 12. f3 O-O 13. a3 Nc6 14. Bxc7 Qxc7
15. Rc1 Rad8 16. Qd2 Rfe8 17. Nd1 e5 18. dxe5 Nxe5 19. Ng3 Nxd3 20. Rxe8+ Rxe8
21. Qxd3 Qc5+ 22. Nf2 Bb5 23. Qd2 h5 24. h4 Qe3 25. Qxe3 Rxe3 26. Nf5 Re5 27.
Nd4 Bc6 28. Nd3 Re8 29. Nxc6 bxc6 30. Nb4 Rb8 31. b3 Rb6 32. Rd1 a5 33. Nd3 Nd7
34. a4 c5 35. Nf4 d4 36. Nxh5 Rh6 37. Ng3 Rxh4 38. Nf5 Rf4 39. Ne7+ Kf8 40. Nc6
Rf6 41. Nxa5 Ne5 42. Re1 Re6 43. Kf2 Nd3+ 44. cxd3 {Black resigns} 1-0

[Event "Team 45 45 League T74"]
[Site "Internet Chess Club"]
[Date "2017.09.23"]
[Round "2"]
[White "chuckh2"]
[Black "MartyJR"]
[Result "0-1"]
[WhiteElo "1434"]
[BlackElo "1442"]
[Opening "Queen's pawn, Mason variation"]
[ECO "D00"]
[Time "13:00:53"]
[TimeControl "2700+45"]

1. d4 d5 2. Bf4 Nf6 3. e3 e6 4. Nf3 Be7 5. Bd3 O-O 6. c3 c5 7. Nbd2 Nc6 8. Ne5
cxd4 9. exd4 Bd7 10. h4 Ne8 11. Bxh7+ Kxh7 12. Qh5+ Kg8 13. Ndf3 Nf6 14. Qg5 Ne4
15. Qg4 Nf6 16. Qh3 Nh5 17. Bg5 Nf6 18. h5 Nh7 19. Bxe7 Qxe7 20. Qg3 Nxe5 21.
dxe5 Bb5 22. O-O-O Be2 23. Rd4 Bxf3 24. gxf3 Qg5+ 25. Qxg5 Nxg5 26. Rf4 Rac8 27.
Rg1 Nh3 28. Rfg4 Nxg1 29. Rxg1 Kh7 30. Rg4 Rc4 31. Kd2 Rxg4 32. fxg4 Rd8 33. Kd3
Kh6 34. f3 Kg5 35. Ke3 Kh6 36. b3 Rf8 37. Kd4 f6 38. f4 fxe5+ 39. Kxe5 Re8 40.
Kd4 Kh7 41. Ke5 g6 42. hxg6+ Kxg6 43. a3 Kf7 44. Kd6 Rc8 45. f5 exf5 46. gxf5
Rxc3 47. Kxd5 Kf6 48. b4 Rxa3 49. Kc5 Kxf5 50. Kb5 Ke5 51. Kc4 Ra1 52. Kb5 Rc1
53. Ka5 Kd5 54. Ka4 Kc4 {White resigns} 0-1

[Event "Team 45 45 League T74"]
[Site "Internet Chess Club"]
[Date "2017.09.21"]
[Round "2"]
[White "guyd52"]
[Black "BrerRabbit"]
[Result "1/2-1/2"]
[WhiteElo "1333"]
[BlackElo "1343"]
[Opening "Réti opening"]
[ECO "A04"]
[Time "18:01:22"]
[TimeControl "2700+45"]

1. Nf3 d6 2. g3 Nf6 3. Bg2 e5 4. d3 Be7 5. O-O O-O 6. e4 Bg4 7. Be3 Qd7 8. c4 c5
9. Nc3 Nc6 10. Qd2 Bxf3 11. Bxf3 Nd4 12. Bxd4 cxd4 13. Nd5 Rfc8 14. Nxe7+ Qxe7
15. Bg2 Rc6 16. Bh3 a5 17. a3 a4 18. Qb4 Qc7 19. f4 Rb6 20. Qd2 Nd7 21. Bxd7
Qxd7 22. fxe5 dxe5 23. Rf5 Qe7 24. Raf1 f6 25. R1f2 Rb3 {Game drawn by mutual
agreement} 1/2-1/2